Map: Odyssey LE

Players

HeroMarine - Winner!

  • Race: Terran Terran
  • Spawn Location: 5:00

llllllllllll (Zest)

  • Race: Protoss Protoss
  • League: Master
  • Spawn Location: 11:00

Event: HomeStory Cup XV

VOD

Have the link to the VOD?

Description

Time

  • Played on: July 22, 2017, 11:40 a.m.
  • Length: 11:17

All games in this series

Show
View Real Time Build Order
Export as new Build Order

HeroMarine Terran - Winner!

Build Orders: Reaper Expand, MMM Bio 

Get SALT Encoding   

  12  0:01  SCV  
  13  0:13  SCV  
  14  0:17  Supply Depot  
  14  0:25  SCV  
  15  0:36  Refinery  
  15  0:38  SCV  
  16  0:43  Barracks  
  16  0:50  SCV  
  17  1:02  SCV  
  18  1:15  SCV  
  19  1:30  Reaper  
  19  1:31  Orbital Command  
  20  1:45  Command Center  
  20  1:55  Factory  
  20  1:59  SCV  
  21  2:07  Refinery  
  21  2:10  Supply Depot  
  21  2:13  Barracks Reactor  
  21  2:17  SCV  
  22  2:29  SCV  
  23  2:40  Starport  
  23  2:41  SCV  
  24  2:45  Widow Mine  
  24  2:48  Marine  
  24  2:49  Marine  
  28  2:53  SCV  
  28  2:57  Orbital Command  
  29  3:05  SCV  
  30  3:06  Marine x2  
  32  3:13  Widow Mine  
  32  3:17  SCV  
  32  3:18  Viking  
  37  3:24  SCV  
  38  3:28  Marine x2  
  38  3:29  SCV  
  41  3:36  Barracks  
  41  3:37  SCV  
  42  3:41  SCV  
  42  3:42  Supply Depot  
  42  3:47  Marine x2  
  45  3:49  SCV  
  46  3:58  Barracks  
  46  4:04  SCV x2, Supply Depot  
  46  4:07  Engineering Bay, Factory Tech Lab  
  46  4:08  Starport Tech Lab  
  48  4:11  Marine  
  48  4:13  Marine  
  48  4:16  SCV x2  
  52  4:26  Supply Depot  
  52  4:28  SCV x2  
  54  4:36  Stimpack  
  54  4:37  Factory Reactor  
  54  4:38  Marine x2, Starport Reactor  
  53  4:39  Marauder  
  53  4:40  Terran Infantry Weapons Level 1  
  53  4:44  SCV x2  
  59  4:51  Supply Depot  
  59  4:52  Combat Shields  
  59  4:57  Supply Depot  
  61  5:00  Marauder x2  
  61  5:02  Marine x2  
  61  5:05  SCV x2  
  67  5:08  Refinery  
  67  5:09  Refinery  
  67  5:16  Medivac  
  67  5:17  SCV x2, Medivac  
  73  5:24  Supply Depot  
  73  5:25  Widow Mine  
  73  5:26  Widow Mine, Supply Depot  
  77  5:30  Marine x2  
  79  5:36  Marauder x2  
  79  5:38  SCV  
  79  5:40  SCV  
  85  5:48  Marine x2  
  87  5:51  Missile Turret  
  87  5:52  Missile Turret  
  87  5:53  Medivac x2  
  90  6:00  Marauder x2  
  94  6:12  Concussive Shells  
  94  6:13  Marine x2, Supply Depot  
  94  6:14  Supply Depot  
  94  6:16  Widow Mine x2  
  100  6:24  Marauder  
  102  6:34  Terran Infantry Armor Level 1  
  102  6:35  Marauder, Marine x2  
  102  6:36  SCV  
  107  6:40  Supply Depot  
  107  6:41  Medivac x2, Supply Depot  
  111  6:51  Command Center  
  111  6:53  Marauder  
  113  6:58  Liberator  
  113  7:01  Marauder  
  115  7:02  Liberator  
  115  7:04  Marine  
  115  7:05  Marine, Widow Mine x2  
  115  7:08  Supply Depot  
  121  7:13  SCV  
  121  7:14  SCV  
  127  7:29  Barracks  
  127  7:31  Barracks  
  127  7:34  Marauder  
  121  7:42  Marine x2  
  121  7:43  SCV  
  124  7:44  SCV  
  124  7:45  Starport  
  125  7:54  Liberator  
  125  7:55  Liberator, SCV  
  125  7:56  SCV  
  125  7:57  Marauder x2  
  129  8:01  Ghost Academy  
  131  8:06  Orbital Command  
  131  8:08  SCV  
  131  8:09  SCV  
  137  8:17  Barracks Reactor, Refinery  
  137  8:19  Barracks Tech Lab  
  137  8:20  SCV  
  137  8:21  SCV  
  137  8:26  Viking x2  
  143  8:32  SCV x2  
  143  8:33  SCV  
  146  8:40  Supply Depot x2  
  146  8:44  SCV, Marine  
  146  8:45  Marine x4  
  146  8:48  SCV x2  
  154  8:50  Missile Turret  
  154  8:53  Supply Depot  
  154  8:54  Supply Depot  
  154  8:57  Viking  
  154  8:58  Viking  
  154  9:02  Marine  
  157  9:05  Viking  
  78  9:10  Marine x3, Viking  
  160  9:11  Ghost  
  160  9:15  Ghost  
  169  9:20  Ghost  
  169  9:23  Marine  
  172  9:27  Viking  
  172  9:28  Marine, Viking  
  177  9:31  Marine x2  
  177  9:35  Supply Depot  
  177  9:37  Viking  
  180  9:42  Viking  
  180  9:43  Marine x2  
  180  9:44  Marauder  
  186  9:49  Marauder  
  188  9:58  Marine x2  
  188  9:59  Refinery, Armory  
  190  10:00  Engineering Bay  
  190  10:01  Marauder, Marine  
  190  10:06  Marauder  
  188  10:10  Viking x2  
  179  10:38  Marauder, Marine x2  
  179  10:39  Marauder, Marine  
  173  10:43  Marauder  
  173  10:45  Marine  
  165  10:56  Marine x3  
  164  10:58  Marine  
  165  11:04  Barracks x3  
Show
View Real Time Build Order
Export as new Build Order

llllllllllll Protoss 

Build Orders: 1 Gate Expand, Double Forge, Blink Stalkers, Colossus Rush 

Get SALT Encoding   

  12  0:00  Probe (Chrono Boost)  
  13  0:11  Probe (Chrono Boost)  
  14  0:17  Pylon  
  14  0:22  Probe (Chrono Boost)  
  15  0:35  Probe (Chrono Boost)  
  16  0:37  Gateway  
  16  0:43  Assimilator  
  16  0:47  Probe (Chrono Boost)  
  17  0:57  Probe (Chrono Boost)  
  18  1:08  Probe (Chrono Boost)  
  19  1:20  Nexus  
  19  1:30  Cybernetics Core  
  19  1:34  Probe (Chrono Boost)  
  19  1:39  Assimilator  
  20  1:45  Probe (Chrono Boost)  
  21  1:50  Pylon  
  21  1:55  Probe (Chrono Boost)  
  22  2:06  Probe (Chrono Boost)  
  25  2:08  Adept (Chrono Boost)  
  25  2:10  Warp Gate  
  25  2:18  Probe  
  26  2:27  Twilight Council  
  26  2:30  Probe  
  26  2:32  Probe, Adept (Chrono Boost)  
  30  2:42  Probe  
  30  2:43  Probe  
  32  2:53  Probe  
  32  2:54  Probe  
  32  2:56  Adept (Chrono Boost)  
  36  2:58  Blink  
  36  3:05  Probe (Chrono Boost)  
  36  3:06  Probe (Chrono Boost)  
  38  3:16  Probe (Chrono Boost)  
  38  3:18  Probe (Chrono Boost)  
  40  3:20  Gateway  
  40  3:23  Gateway  
  40  3:28  Probe (Chrono Boost)  
  40  3:29  Probe (Chrono Boost)  
  42  3:37  Robotics Facility  
  42  3:40  Mothership Core (Chrono Boost)  
  44  3:42  Probe (Chrono Boost)  
  44  3:45  Pylon  
  44  3:48  Assimilator  
  45  3:50  Assimilator  
  45  3:52  Probe (Chrono Boost)  
  46  3:56  Pylon  
  46  4:03  Probe (Chrono Boost)  
  46  4:06  Probe (Chrono Boost)  
  46  4:07  Pylon  
  48  4:14  Probe (Chrono Boost)  
  48  4:16  Stalker x2  
  53  4:20  Stalker  
  53  4:21  Probe (Chrono Boost)  
  56  4:24  Probe (Chrono Boost)  
  56  4:25  Observer (Chrono Boost)  
  58  4:35  Robotics Bay  
  58  4:42  Forge  
  58  4:44  Forge  
  59  4:45  Observer (Chrono Boost)  
  59  4:49  Probe x2  
  61  4:54  Pylon  
  61  5:03  Pylon  
  61  5:04  Observer (Chrono Boost)  
  62  5:16  Colossus (Chrono Boost)  
  62  5:18  Protoss Ground Armor Level 1, Protoss Ground Weapons Level 1  
  68  5:32  Gateway  
  68  5:33  Gateway  
  68  5:35  Gateway  
  68  5:45  Extended Thermal Lance (Chrono Boost)  
  68  5:58  Zealot x2, Sentry  
  68  6:00  Pylon  
  68  6:01  Colossus  
  80  6:25  Sentry  
  80  6:26  Zealot x2  
  80  6:27  Probe x2  
  80  6:31  Photon Cannon  
  88  6:43  Pylon  
  88  6:48  Zealot x3  
  88  6:52  Pylon  
  94  6:55  Colossus  
  94  6:56  Pylon  
  92  7:05  Pylon  
  98  7:10  Stalker x2  
  98  7:11  Zealot x4  
  98  7:15  Photon Cannon  
  110  7:30  Nexus  
  110  7:32  Protoss Ground Weapons Level 2 (Chrono Boost), Protoss Ground Armor Level 2 (Chrono Boost)  
  110  7:38  Pylon  
  110  7:45  Charge  
  110  7:56  Pylon  
  110  7:59  Sentry  
  110  8:01  Immortal  
  116  8:10  Stalker  
  116  8:11  Stalker x4  
  126  8:37  Gateway x2  
  126  8:43  Immortal (Chrono Boost)  
  126  8:47  Zealot x4  
  138  8:51  Probe x2  
  138  8:55  Probe  
  141  9:03  Probe  
  142  9:10  Probe x2  
  142  9:11  Pylon  
  142  9:13  Pylon  
  142  9:15  Probe  
  145  9:21  Immortal (Chrono Boost)  
  149  9:27  Nexus  
  149  9:30  Pylon  
  149  9:42  Stalker  
  151  9:54  Stalker x3  
  151  9:59  Immortal (Chrono Boost)  
  161  10:15  Zealot x3  
  161  10:16  Zealot x2  
  159  10:35  Zealot x2  
  159  10:36  Zealot x2  
  159  10:38  Zealot x3  
  159  10:39  Zealot  
  80  10:58  Zealot x4  
  80  10:59  Zealot x4  
Tags
 
Add a new tag
Caveats
  • Supply blocks, unpowered buildings, or Contaminate may cause inaccurate times.
  • Supply counts are checked every 10 seconds.